Unix NetHack Version 5.0.0-0 post-release - last build May  4 2026 22:22:43 (774f63e81ad911689b3a0859ea89b322d5daca8d,branch:main).

Game began 2026-05-08 21:58:02, ended 2026-05-08 22:36:15.

Ch3Begorrah, chaotic male human Rogue

                                                   ----------------
           ---------                               |..............|
           |.`......###########                    |........%.....|
           |.......|          #####################...>%..........|
           |.......|                               -----------.----
           |<......|                                          %
           |.......|                                          %
           ----|--.-                                          #
               #  #                                           #
               ######                                    #######
                   ##                                 ####    ###
                   ##                                  --.----.-.-
 --------          ##                                  |..C......|
 |......|          ###                        #########-%u.......|
 |.....%.#    -----.--.---                    #        |....)....|
 |......|#####|.......%...#####################        |.....@...|
 --------    #-..^.......|                             -----------
              ------------

Ch3Begorrah the Rogue   St:13 Dx:18 Co:17 In:11 Wi:7 Ch:10  Chaotic
Dlvl:9  $:389 HP:0(40) Pw:18(18) AC:4  Xp:6 T:3585 

Latest messages:
 The pony bites it.
 The pony misses the kitten.
 The pony misses the kitten.
 In what direction? l
 The dagger hits the soldier ant!
 The kitten bites!
 The pony hits the kitten.
 The pony bites the kitten.
 The kitten bites the pony.
 The kitten bites!
 In what direction? l
 The dagger hits the soldier ant.
 The soldier ant misses!
 The soldier ant just misses!
 The kitten bites!
 The pony hits the kitten.
 The pony bites the kitten.
 The kitten bites the pony.
 The kitten bites!
 The pony misses the kitten.
 The pony misses the kitten.
 In what direction? l
 You throw 3 daggers.
 The 1st dagger hits the soldier ant.
 The 2nd dagger hits the soldier ant.
 The 3rd dagger hits the soldier ant.
 The soldier ant misses!
 The soldier ant stings!
 The soldier ant's sting was poisoned!
 The poison doesn't seem to affect you.
 The kitten bites!
 The pony hits the kitten.
 The kitten is killed!
 In what direction? l
 You kill the soldier ant!
 v - a +1 dagger (at the ready) (5 in total).
 You swap places with your pony.
 v - 5 +1 daggers (at the ready) (10 in total).
 The 'F' prefix should be followed by a movement command.
 You stop waiting.
 The plains centaur swings her crossbow.
 The plains centaur hits!
 The plains centaur kicks!
 The plains centaur swings her crossbow.
 The plains centaur hits!
 The plains centaur kicks!
 The plains centaur shoots a crossbow bolt!
 You are hit by a crossbow bolt.
 You die...
 Do you want your possessions identified? [ynq] (y) q

Inventory:
 Coins    ('$')
  $ - 389 gold pieces
 Weapons  (')')
  T - 6 +0 crossbow bolts
  p - 7 cursed +1 shuriken
  v - 10 +1 daggers (at the ready)
  G - a +1 dagger (weapon in right hand)
 Armor    ('[')
  B - an uncursed +0 dwarvish iron helm (being worn)
  A - an uncursed +0 pair of elven boots (being worn)
  y - a cursed -1 pair of fumble boots named cursed
  W - an uncursed +0 alchemy smock with text "Gehennom's Kitchen" (being worn)
  F - an uncursed very rotted +0 cloak of displacement
  X - an uncursed +1 dwarvish cloak
  c - a blessed burnt +1 leather armor (being worn)
 Comestibles  ('%')
  a - 2 uncursed tripe rations
 Scrolls  ('?')
  u - an uncursed scroll of blank paper
  K - an uncursed scroll of food detection
  D - 4 uncursed scrolls of identify
  j - an uncursed scroll of magic mapping named ok
  q - an uncursed scroll of remove curse
 Spellbooks  ('+')
  b - a blessed spellbook of detect monsters
 Potions  ('!')
  M - an uncursed potion of gain energy
  L - a cursed potion of gain energy
  S - a blessed potion of healing
  P - an uncursed potion of healing
  V - 2 uncursed potions of object detection
  o - a blessed potion of polymorph
  s - an uncursed potion of restore ability
  d - an uncursed potion of sickness
  h - an uncursed potion of sleeping
  m - an uncursed potion of speed
 Rings    ('=')
  r - an uncursed ring of free action (on left hand)
  k - a cursed -1 ring of gain constitution named cursed
 Wands    ('/')
  t - a wand of secret door detection (0:10)
 Tools    ('(')
  f - an uncursed sack containing 1 item
  Z - a cursed tooled horn
  e - an uncursed lock pick
  x - an uncursed skeleton key
  g - an uncursed towel named ok
  n - a cursed towel
 Gems/Stones  ('*')
  l - an uncursed turquoise stone
  w - an uncursed worthless piece of violet glass
  N - 2 uncursed worthless pieces of yellowish brown glass
  i - an uncursed touchstone

Contents of the sack:
  83 gold pieces

Ch3Begorrah the Rogue's attributes:

Background:
 You were a Rogue, level 6 male human.
 You were chaotic, nominally on a mission for Kos
 who was opposed by Issek (lawful) and Mog (neutral).
 You were right-handed.
 You were in the Dungeons of Doom, on level 9.
 You entered the dungeon 3585 turns ago.
 It was nighttime.
 You had 508 experience points, 132 more were needed to attain level 7.

Basics:
 You had 0 out of 40 hit points.
 You had all 18 energy points (spell power).
 Your armor class was 4.
 Your wallet contained 389 zorkmids, and
 you had 83 more stashed away in your pack.
 Autopickup was on for '$!/(', with exceptions.

Final Characteristics:
 Your strength was 13 (limit:18/100).
 Your dexterity was 18 (limit:18).
 Your constitution was 17 (limit:18).
 Your intelligence was 11 (limit:18).
 Your wisdom was 7 (limit:18).
 Your charisma was 10 (limit:18).

Final Status:
 You weren't hungry.
 You were unencumbered.
 You were wielding a dagger.
 You were skilled in dagger.

Final Attributes:
 You were piously aligned.
 You were poison resistant.
 You were acid resistant.
 Your items were protected from acid.
 You were stealthy.
 You were warded.
 You had free action.
 You are dead.

Miscellaneous:
 You didn't encounter any bones levels.
 Total elapsed playing time was 38 minutes and 13 seconds.

Major events:
 Turn
    1: Ch3Begorrah the chaotic male human Rogue entered the dungeon
  673: attained the rank of Cutpurse (level 3)
 1170: entered the Gnomish Mines
 3181: attained the rank of Rogue (level 6)
 3585: killed by a crossbow bolt

You didn't know any spells.

Skills:
 Fighting Skills
   bare handed combat [Unskilled]
   two weapon combat  [Unskilled]
   riding             [Unskilled]
 Weapon Skills
   dagger             [Skilled]
   knife              [Unskilled]
   short sword        [Basic]
   broadsword         [Unskilled]
   long sword         [Unskilled]
   two-handed sword   [Unskilled]
   saber              [Unskilled]
   club               [Unskilled]
   mace               [Unskilled]
   morning star       [Unskilled]
   flail              [Unskilled]
   hammer             [Unskilled]
   polearms           [Unskilled]
   spear              [Unskilled]
   crossbow           [Unskilled]
   dart               [Unskilled]
   shuriken           [Unskilled]
 Spellcasting Skills
   divination spells  [Unskilled]
   escape spells      [Unskilled]
   matter spells      [Unskilled]

Voluntary challenges:
 Character rerolling was not enabled.
 You were vegetarian.
 You were an atheist.
 You never genocided any monsters.
 You never polymorphed an object.
 You never changed form.
 You used no wishes.
Achievements:
 You entered a shop.
 You attained the rank of Cutpurse.
 You entered the Gnomish Mines.
 You attained the rank of Rogue.

 The Dungeons of Doom: levels 1 to 11
    Level 1:
       Some fountains.
    Level 2:
       A scroll shop, an altar, a grave.
    Level 3:
       Stairs down to The Gnomish Mines.
    Level 4:
       Some shops.
    Level 5:
       A fountain.
    Level 6:
       A fountain.
    Level 7:
    Level 8:
       A sink.
    Level 9: <- You were here.
       Final resting place for
          you, killed by a crossbow bolt.
    Level 10:
    Level 11:
 The Gnomish Mines:
    Level 4:


Vanquished creatures:
  a small mimic
  a human mummy
  a leprechaun
  a dingo
  a dog
  a soldier ant
  2 fire ants
  a water nymph
  a rock piercer
  a yellow light
  a gnomish wizard
  a giant ant
  3 floating eyes
  a kitten
  a kobold shaman
  6 hill orcs
  5 rothes
  a rabid rat
  a monkey
 an orc zombie
 an iguana
 an acid blob
  a hobbit
  a large kobold
  a hobgoblin
  a cave spider
  a gnome
  2 gnome zombies
  a gecko
  4 jackals
  a kobold
  a goblin
  a sewer rat
  3 grid bugs
  3 bats
  3 lichens
  a kobold zombie
  7 newts
66 creatures vanquished.

No species were genocided or became extinct.

Game over:
                       ----------
                      /          \
                     /    REST    \
                    /      IN      \
                   /     PEACE      \
                  /                  \
                  |   Ch3Begorrah    |
                  |      472 Au      |
                  |   killed by a    |
                  |  crossbow bolt   |
                  |                  |
                  |                  |
                  |       2026       |
                 *|     *  *  *      | *
        _________)/\\_//(\/(/\)/\//\/|_)_______

Goodbye Ch3Begorrah the Rogue...

You died in The Dungeons of Doom on dungeon level 9 with 3015 points,
and 472 pieces of gold, after 3585 moves.
You were level 6 with a maximum of 40 hit points when you died.

